 Dungeon Crawl Stone Soup version 0.28-a0-706-gf6f64a616a (webtiles) character file.

Game seed: 10080386358925972465

1780 quinnr the Zephyrmancer (level 9, -3/48 (50) HPs)
             Began as a Tengu Air Elementalist on Oct 24, 2021.
             Was an Initiate of Vehumet.
             Slain by a wight (4 damage)
             ... on level 6 of the Dungeon.
             The game lasted 00:21:26 (9755 turns).

quinnr the Zephyrmancer (Tengu Air Elementalist)    Turns: 9755, Time: 00:21:26

HP:   -3/48 (50)    AC:  6    Str:  8    XL:     9   Next: 8%
MP:   10/17         EV: 16    Int: 19    God:    Vehumet [......]
Gold: 414           SH:  7    Dex: 15    Spells: 11/18 levels left

rFire   . . .      SeeInvis .   l - +0 hunting sling (freeze)
rCold   . . .      Faith    .   o - +2 buckler
rNeg    + . .      Spirit   .   a - +0 robe
rPois   .          Reflect  .   (helmet restricted)
rElec   .          Harm     .   C - +1 cloak
rCorr   .          Rampage  .   c - +1 pair of gloves
Will    .....                   (boots unavailable)
Stlth   ++........              (no amulet)
HPRegen 0.16/turn               A - ring of positive energy
MPRegen 0.15/turn               (no ring)

@: flying quickly and evasively, lightly drained, quick
A: beak, talons 3, nimble flight
a: Renounce Religion


You were on level 6 of the Dungeon.
You worshipped Vehumet.
Vehumet was noncommittal.
You visited 2 branches of the dungeon, and saw 7 of its levels.
You also visited: Ossuary.

You collected 414 gold pieces.

Inventory:

Hand Weapons
 l - a +0 hunting sling of freezing (weapon)
Missiles
 m - 203 stones (quivered ammo)
 s - 20 poisoned darts
Armour
 a - a +0 robe (worn)
 b - a +0 cloak
 c - a +1 pair of gloves (worn)
 o - a +2 buckler (worn)
 C - a +1 cloak (worn)
Jewellery
 A - a ring of positive energy (left hand)
Wands
 B - a wand of flame (35)
Scrolls
 f - 2 scrolls of amnesia
 i - a scroll of enchant weapon {unknown}
 j - 2 scrolls of noise
 k - a scroll of vulnerability {unknown}
 n - 4 scrolls of enchant armour
 t - 3 scrolls of magic mapping {unknown}
 x - 3 scrolls of teleportation {unknown}
 y - a scroll of silence {unknown}
Potions
 d - 2 potions of mutation {unknown}
 e - 5 potions of cancellation {unknown}
 g - 3 potions of heal wounds
 h - 2 potions of haste {unknown}
 p - a potion of attraction
 q - a potion of might
 r - 4 potions of flight
 u - 2 potions of magic {unknown}
 v - 2 potions of degeneration {unknown}
 w - a potion of curing
 z - 2 potions of lignification


   Skills:
 - Level 3.0 Fighting
 - Level 4.0 Dodging
 - Level 3.0 Stealth
 - Level 4.0 Shields
 - Level 5.0 Spellcasting
 - Level 1.4 Conjurations
 * Level 10.9 Air Magic


You had 11 spell levels left.
You knew the following spells:

 Your Spells              Type           Power      Damage    Failure   Level
a - Shock                 Conj/Air       100%       1d9       1%          1
b - Airstrike             Air            23%        N/A       1%          4
c - Static Discharge      Conj/Air       28%        N/A       1%          2

Your spell library contained the following spells:

 Spells                   Type           Power      Damage    Failure   Level
 Swiftness                Air            46%        N/A       1%          3
 Conjure Flame            Conj/Fire      7%         6-21      28%         3
 Ignite Poison            Fire/Tmut/Pois 4%         N/A       36%         3
 Summon Guardian Golem    Hex/Summ       4%         N/A       36%         3
 Sticky Flame             Conj/Fire      7%         2d3       67%         4
 Orb of Destruction       Conj           5%         9d2       100%        7
 Spellforged Servitor     Conj/Summ      3%         N/A       100%        7


Dungeon Overview and Level Annotations

Branches:
Dungeon (6/15)             Temple (1/1) D:5         Ossuary (visited)

Altars:
Fedhas
Gozag
Qazlal
Ru
Sif Muna
Trog
Uskayaw
Vehumet
Wu Jian
Xom
Yredelemnul
The Shining One


Innate Abilities, Weirdness & Mutations

You have a beak for a mouth.
You have claws for feet.
Your magical nature lets you fly swiftly and evasively.


Message History

The zap hits the wight.
The wight is moderately damaged.
The zap hits the orc warrior.
The orc warrior is lightly wounded.
The zap hits the wight.
The wight is severely damaged.
The zap misses the orc warrior.
The wight hits you with a +1 vorpal mace.
Unknown command.
The zap hits the wight.
The wight is almost destroyed.
The zap hits the orc warrior!
The orc warrior is moderately wounded.
The zap hits the wight.
The wight is moderately damaged.
The wight misses you.
The zap hits the wight but does no damage.
The wight is almost destroyed.
The zap hits the orc warrior.
The orc warrior is heavily wounded.
You block the wight's attack.
The wight hits you with a +1 vorpal mace.
Unknown command.
The zap hits the wight.
You destroy the wight!
Vehumet accepts your kill.
The zap hits the orc warrior.
The orc warrior is severely wounded.
The wight hits you from afar with a +3 halberd of freezing!
You partially resist.
You feel drained. The wight freezes you.
Your life force feels restored.
You are too injured to fight recklessly!
Unknown command.
The orc warrior closely misses you.
The wight hits you from afar with a +3 halberd of freezing!!
* * * LOW HITPOINT WARNING * * *
You partially resist.
You feel drained.
* * * LOW HITPOINT WARNING * * *
The wight freezes you.
You die...

...
..##.....#
...
#.##.....# z.
#.##.....#
z.#.##o....#
.#.##.....#
...+.....#
#.##..$..+
#+##<##.....#
#@o)........#
###z.......##
#........#
#........#
+........#
#....[...#
#........+
#........#
#........#


You could see an orc warrior and a wight.

Vanquished Creatures
  Grinder (D:5)
  Edmund (D:5)
  2 orc warriors (D:4)
  Blork the orc (D:5)
  3 elf zombies
  A bullfrog (D:6)
  2 elf skeletons (D:5)
  A water moccasin zombie (D:5)
  A wight (D:6)
  A centaur zombie (Ossuary)
  A human zombie (D:5)
  2 hounds
  2 jellies (D:4)
  A gnoll shaman (D:4)
  2 orc priests
  Crazy Yiuf (D:5)
  2 orc wizards
  Terence (D:2)
  2 iguanas (D:4)
  A human skeleton (D:5)
  2 mummies (Ossuary)
  5 gnolls (D:4)
  4 adders
  A howler monkey skeleton (D:3)
  A shadow imp (D:5)
  2 ufetubi (D:5)
  3 worms
  6 dart slugs
  12 orcs
  7 bats
  9 endoplasms
  A giant cockroach (D:2)
  5 goblins
  12 hobgoblins
  5 jackals
  7 kobolds
  4 quokkas
  8 ball pythons
  8 frilled lizards
  2 goblin zombies (Ossuary)
  5 hobgoblin zombies (Ossuary)
  4 jackal zombies (Ossuary)
  11 kobold zombies (Ossuary)
  13 orc zombies (Ossuary)
  7 rats
173 creatures vanquished.

Notes
Turn   | Place    | Note
-------+----------+-------------------------------------------
     0 | D:1      | quinnr the Tengu Air Elementalist began the quest for the
                  | Orb.
     0 | D:1      | Reached XP level 1. HP: 10/10 MP: 4/4
   455 | D:1      | Reached XP level 2. HP: 16/16 MP: 0/6
   566 | D:1      | Found a faded altar of an unknown god.
  1302 | D:1      | Reached XP level 3. HP: 20/20 MP: 4/7
  1344 | D:1      | Reached skill level 1 in Fighting
  1771 | D:2      | Noticed Terence
  2104 | D:2      | Killed Terence
  2105 | D:2      | Reached skill level 1 in Shields
  2105 | D:2      | Reached skill level 5 in Air Magic
  2105 | D:2      | Reached XP level 4. HP: 19/25 MP: 1/9
  2428 | D:2      | Found an opulent altar of Gozag.
  2471 | D:2      | Learned a level 4 spell: Airstrike
  3524 | D:3      | Gained mutation: Your magical nature lets you fly swiftly
                  | and evasively. [Tengu growth]
  3524 | D:3      | Reached XP level 5. HP: 29/29 MP: 7/10
  3613 | D:3      | quinnr: ??tengu
  3613 | D:3      | beem: tengu[1/2]: A humanoid with bird-like heads and
                  | clawed feet, the Tengu can wear all types of armour except
                  | helmets and boots. Gains permanent Flight at XL5. While
                  | flying from any source, has +20% evasion and a -1 to
                  | movement delay.
  4220 | D:3      | Found a stormy altar of Qazlal.
  4292 | D:3      | Reached XP level 6. HP: 17/34 MP: 5/11
  4631 | D:4      | Identified the +0 scale mail "Ivaut" {-Cast Rampage rN+
                  | Regen+}
  5141 | D:4      | Noticed an orc warrior
  5179 | D:5      | Entered Level 5 of the Dungeon
  5287 | D:5      | Found a sand-covered staircase.
  5386 | Ossuary  | Entered an ossuary
  5406 | Ossuary  | Learned a level 2 spell: Static Discharge
  5962 | Ossuary  | Reached skill level 6 in Air Magic
  5962 | Ossuary  | Reached XP level 7. HP: 34/39 MP: 2/13
  6833 | D:4      | Reached skill level 7 in Air Magic
  7291 | D:4      | Reached XP level 8. HP: 45/45 MP: 6/14
  7743 | D:5      | Found a staircase to the Ecumenical Temple.
  7755 | D:5      | Found an opulent altar of Gozag.
  7766 | Temple   | Entered the Ecumenical Temple
  7835 | Temple   | Became a worshipper of Vehumet
  8102 | D:5      | Noticed Edmund
  8115 | D:5      | Killed Edmund
  8116 | D:5      | Reached skill level 8 in Air Magic
  8232 | D:5      | Found a runed translucent door.
  8233 | D:5      | Noticed Crazy Yiuf
  8496 | D:5      | Noticed Blork the orc
  8503 | D:5      | Killed Blork the orc
  8586 | D:5      | Noticed Grinder
  9112 | D:5      | Reached skill level 9 in Air Magic
  9355 | D:5      | Killed Crazy Yiuf
  9449 | D:5      | Killed Grinder
  9450 | D:5      | Reached skill level 5 in Spellcasting
  9450 | D:5      | Reached skill level 10 in Air Magic
  9450 | D:5      | Reached XP level 9. HP: 50/50 MP: 4/17
  9755 | D:6      | HP: 3/50 [wight (18)]
  9755 | D:6      | HP: 1/48 [wight (2)]
  9755 | D:6      | Slain by a wight

Illustrated notes

Levels and vault maps discovered:
D:1:      eino_arrival_cavern_c, layout_loops_ring,
          shapermc_ecumenical_altar_pompeii, minmay_box_of_dots
D:2:      layout_loops_ring, basic_altar, grunt_ministairs_9, minmay_circle_x,
          uniq_terence
D:3:      layout_rooms, mainiacjoe_overflow_alcove_2, minmay_crystal_room,
          kennysheep_cluttered_room, minmay_joined_circles
D:4:      layout_loops_cross
D:5:      layout_loops_ring, amcnicky_altar_gilded, minmay_temple_entry_grid,
          nicolae_ossuary_entry_catacombs, grunt_decor_arrowhead,
          minmay_misc_feat_secret_circle, uniq_blork_the_orc,
          uniq_crazy_yiuf_cottage, uniq_edmund, uniq_grinder
D:6:      layout_basic, lightli_temple_of_fire
Temple:   cyrus_temple_forest

Skill      XL: |  1  2  3  4  5  6  7  8 |
---------------+-------------------------+-----
Fighting       | 1 2 3 |  3.0
Shields        | 1 2 4 |  4.0
Spellcasting   | 3 5 |  5.0
Air Magic      | 5 6 7 10 | 10.9
Dodging        | 3 4 |  4.0
Stealth        | 3 |  3.0
Conjurations   | |  1.4

Action                   |  1- 3 |  4- 6 |  7- 9 || total
-------------------------+-------+-------+-------++-------
Melee: Unarmed           |    25 |       |       ||    25
       Kick              |     5 |       |     1 ||     6
       Peck              |     3 |       |     2 ||     5
       Hunting sling     |       |       |     6 ||     6
 Fire: Hunting sling     |       |   119 |    65 ||   184
Throw: Dart              |       |       |     6 ||     6
 Cast: Shock             |    86 |   184 |   144 ||   414
       Airstrike         |       |     3 |    14 ||    17
  Use: Scroll            |       |     6 |     2 ||     8
Armor: Robe              |    16 |    18 |    16 ||    50
Dodge: Dodged            |    25 |    39 |    53 ||   117
Block: Buckler           |       |    24 |    32 ||    56

Table legend: (Time is in decaauts)
 A = Elapsed time spent in this place.
 B = Non-inter-level travel time spent in this place.
 C = Inter-level travel time spent in this place.
 D = Time resting spent in this place.
 E = Time spent auto-exploring this place.
 F = Levels seen in this place.
 G = Mean time per level.
                   A        B        C        D        E       F      G
               +--------+--------+--------+--------+--------+-----+--------+
         Total |   9514 |   9167 |    347 |   2056 |   5415 |   8 | 1189.2 |
       Dungeon |   8467 |   8140 |    327 |   1786 |   5073 |   6 | 1411.2 |
        Temple |     83 |     63 |     20 |      0 |     38 |   1 |   83.0 |
       Ossuary |    963 |    963 |      0 |    269 |    303 |   1 |  963.0 |
               +--------+--------+--------+--------+--------+-----+--------+

Top non-repeatable levels by time:
     D:5: 2052 daAuts
     D:1: 1918 daAuts
     D:3: 1618 daAuts
     D:2: 1448 daAuts
     D:4: 1366 daAuts
 Ossuary: 963 daAuts
  Temple: 83 daAuts
     D:6: 64 daAuts
